| TOP OF THE 1ST |
|
Springfield Cardinals batting - Pitching for Mobile BayBears : LHP David Legg
|
|
Pitching: LHP David Legg
|
|
|
Batting: RHB Josh Broome
|
0-0: SINGLE (Groundball, 5D, EV 94.4 MPH)
|
|
Batting: RHB Jose Rivera
|
0-0: Ball 1-0: SINGLE (Groundball, 56D, EV 106.9 MPH) Josh Broome to second
|
|
Batting: RHB Tyler Walker
|
0-0: Foul Ball, location: 2F 0-1: Foul Ball, location: 2F 0-2: Ball 1-2: Foul Ball, location: 2F 1-2: Ball 2-2: Foul Ball, location: 2F 2-2: SINGLE (Groundball, 6MD, EV 106.9 MPH) Josh Broome to third Jose Rivera to second
|
|
Batting: RHB Joe Alley
|
0-0: Foul Ball, location: 2F 0-1: Ball 1-1: Swinging Strike 1-2: Ball 2-2: Ball 3-2: Foul Ball, location: 2F 3-2: Foul Ball, location: 2F 3-2: Foul Ball, location: 2F 3-2: Fly out, F8 (Line Drive, 89D, EV 96.9 MPH) Runner from 3rd tags up, SCORES, no throw by CF
|
|
Batting: RHB Tommy Boudreaux
|
0-0: Ball 1-0: Ball 2-0: Foul Ball, location: 2F 2-1: SINGLE (Groundball, 56, EV 95.6 MPH) (infield hit) Jose Rivera to third Tyler Walker to second
|
|
Batting: RHB Immel Kamuzu
|
0-0: Ball 1-0: Ball 2-0: Ball 3-0: Base on Balls Jose Rivera scores Tyler Walker to third Tommy Boudreaux to second
|
|
Batting: RHB Jose Jimenez
|
0-0: Called Strike 0-1: Called Strike 0-2: Ball 1-2: Ball 2-2: Ball 3-2: Fly out, F7 (Flyball, 7, EV 86.9 MPH) Runner from 3rd tags up, OUT at HOME! 7-2
|
| Top of the 1st over - 2 runs, 4 hits, 0 errors, 2 left on base; Springfield 2 - Mobile 0 |
| BOTTOM OF THE 1ST |
|
Mobile BayBears batting - Pitching for Springfield Cardinals : RHP Danny Cook
|
|
Pitching: RHP Danny Cook
|
|
|
Batting: LHB Koson Hirai
|
0-0: Swinging Strike 0-1: Swinging Strike 0-2: Foul Ball, location: 2F 0-2: Strikes out swinging, 2-3 out at first.
|
|
Batting: RHB Franklin Villanueva
|
0-0: Ball 1-0: Foul Ball, location: 2F 1-1: SINGLE (Line Drive, 3D, EV 96.9 MPH)
|
|
Batting: LHB Soo-yeon Kym
|
Pickoff Throw to First - Out! 1-3 0-0: Ball 1-0: Called Strike 1-1: Called Strike 1-2: Ball 2-2: Ground out 5-3 (Groundball, 56, EV 85.0 MPH)
|
| Bottom of the 1st over - 0 runs, 1 hit, 0 errors, 0 left on base; Springfield 2 - Mobile 0 |
| TOP OF THE 2ND |
|
Springfield Cardinals batting - Pitching for Mobile BayBears : LHP David Legg
|
|
Batting: LHB Travis Ruppel
|
0-0: Called Strike 0-1: Ball 1-1: Swinging Strike 1-2: Foul Ball, location: 2F 1-2: Foul Ball, location: 2F 1-2: Ball 2-2: Foul Ball, location: 2F 2-2: Foul Ball, location: 2F 2-2: Ball 3-2: Strikes out looking
|
|
Batting: RHB Kalidas Mishra
|
0-0: Ball 1-0: Called Strike 1-1: Fly out, F9 (Flyball, 9D, EV 95.6 MPH)
|
|
Batting: RHB Josh Broome
|
0-0: Ground out 6-3 (Groundball, 6MD, EV 100.0 MPH)
|
| Top of the 2nd over - 0 runs, 0 hits, 0 errors, 0 left on base; Springfield 2 - Mobile 0 |
| BOTTOM OF THE 2ND |
|
Mobile BayBears batting - Pitching for Springfield Cardinals : RHP Danny Cook
|
|
Batting: RHB Josh Burrows
|
0-0: Ball 1-0: Fly out, F7 (Flyball, 7D, EV 96.2 MPH)
|
|
Batting: RHB Chris Bittner
|
0-0: Called Strike 0-1: Ball 1-1: Ball 2-1: Ball 3-1: Called Strike 3-2: Ground out 2-3 (Groundball, 13S, EV 69.4 MPH)
|
|
Batting: RHB Paul Schreiber
|
0-0: Ball 1-0: Foul Ball, location: 2F 1-1: Fly out, F9 (Line Drive, 9, EV 93.8 MPH)
|
| Bottom of the 2nd over - 0 runs, 0 hits, 0 errors, 0 left on base; Springfield 2 - Mobile 0 |
| TOP OF THE 3RD |
|
Springfield Cardinals batting - Pitching for Mobile BayBears : LHP David Legg
|
|
Batting: RHB Jose Rivera
|
0-0: Called Strike 0-1: Hit by Pitch
|
|
Batting: RHB Tyler Walker
|
0-0: Called Strike Jose Rivera steals 2nd base 0-1: Ball 1-1: Ball 2-1: Foul Ball, location: 2F 2-2: Strikes out looking
|
|
Batting: RHB Joe Alley
|
0-0: Ball 1-0: Called Strike 1-1: Ball 2-1: Foul Ball, location: 2F 2-2: Strikes out swinging
|
|
Batting: RHB Tommy Boudreaux
|
0-0: Ground out 4-3 (Groundball, 4S, EV 88.8 MPH)
|
| Top of the 3rd over - 0 runs, 0 hits, 0 errors, 1 left on base; Springfield 2 - Mobile 0 |
| BOTTOM OF THE 3RD |
|
Mobile BayBears batting - Pitching for Springfield Cardinals : RHP Danny Cook
|
|
Batting: SHB Ed Vargas
|
0-0: Called Strike 0-1: Foul Ball, location: 2F 0-2: Strikes out looking
|
|
Batting: RHB Jeremy Adams
|
0-0: Ground out 4-3 (Groundball, 6M, EV 102.5 MPH)
|
|
Batting: RHB Curt Barrett
|
0-0: Called Strike 0-1: Called Strike 0-2: Foul Ball, location: 2F 0-2: Strikes out swinging
|
| Bottom of the 3rd over - 0 runs, 0 hits, 0 errors, 0 left on base; Springfield 2 - Mobile 0 |
| TOP OF THE 4TH |
|
Springfield Cardinals batting - Pitching for Mobile BayBears : LHP David Legg
|
|
Batting: RHB Immel Kamuzu
|
0-0: Called Strike 0-1: Ball 1-1: Foul Ball, location: 2F 1-2: Ball 2-2: Strikes out looking
|
|
Batting: RHB Jose Jimenez
|
0-0: Ball 1-0: Swinging Strike 1-1: Ball 2-1: Swinging Strike 2-2: Ball 3-2: Ground out 4-3 (Groundball, 34D, EV 103.1 MPH)
|
|
Batting: LHB Travis Ruppel
|
0-0: Ball 1-0: Ball 2-0: Foul Ball, location: 2F 2-1: Foul Ball, location: 2F 2-2: Fly out, F7 (Flyball, 7D, EV 96.9 MPH)
|
| Top of the 4th over - 0 runs, 0 hits, 0 errors, 0 left on base; Springfield 2 - Mobile 0 |
| BOTTOM OF THE 4TH |
|
Mobile BayBears batting - Pitching for Springfield Cardinals : RHP Danny Cook
|
|
Batting: LHB Koson Hirai
|
0-0: Called Strike 0-1: Swinging Strike 0-2: Foul Ball, location: 2F 0-2: Ball 1-2: Ball 2-2: Ball 3-2: Ground out 5-3 (Groundball, 5, EV 108.1 MPH)
|
|
Batting: RHB Franklin Villanueva
|
0-0: Foul Ball, location: 2F 0-1: Foul Ball, location: 2F 0-2: Foul Ball, location: 2F 0-2: SINGLE (Groundball, 6MD, EV 101.2 MPH)
|
|
Batting: LHB Soo-yeon Kym
|
0-0: Fly out, F9 (Flyball, 89XD, EV 91.9 MPH)
|
|
Batting: RHB Josh Burrows
|
0-0: Ball 1-0: Ball 2-0: Called Strike 2-1: Foul Ball, location: 2F 2-2: Foul Ball, location: 2F 2-2: Ball 3-2: SINGLE (Groundball, 6MD, EV 104.4 MPH) Franklin Villanueva to second Franklin Villanueva to third
|
|
Batting: RHB Chris Bittner
|
0-0: Called Strike 0-1: Called Strike 0-2: Strikes out looking
|
| Bottom of the 4th over - 0 runs, 2 hits, 0 errors, 2 left on base; Springfield 2 - Mobile 0 |
| TOP OF THE 5TH |
|
Springfield Cardinals batting - Pitching for Mobile BayBears : LHP David Legg
|
|
Batting: RHB Kalidas Mishra
|
0-0: SINGLE (Groundball, 6MD, EV 94.4 MPH)
|
|
Batting: RHB Josh Broome
|
0-0: Ball 1-0: Grounds into double play, 6-4-3 (Groundball, 6M, EV 82.5 MPH)
|
|
Batting: RHB Jose Rivera
|
0-0: Called Strike 0-1: Ball 1-1: Ground out 5-3 (Groundball, 5, EV 103.8 MPH)
|
| Top of the 5th over - 0 runs, 1 hit, 0 errors, 0 left on base; Springfield 2 - Mobile 0 |
| BOTTOM OF THE 5TH |
|
Mobile BayBears batting - Pitching for Springfield Cardinals : RHP Danny Cook
|
|
Batting: RHB Paul Schreiber
|
0-0: Ball 1-0: Ball 2-0: Called Strike 2-1: SINGLE (Line Drive, 9LS, EV 103.8 MPH)
|
|
Batting: SHB Ed Vargas
|
0-0: Ball 1-0: DOUBLE (Line Drive, 3D, EV 101.9 MPH) Paul Schreiber to third
|
|
Batting: RHB Jeremy Adams
|
0-0: Ball 1-0: Fly out, F3 (Flyball, 34D, EV 85.0 MPH)
|
|
Batting: RHB Curt Barrett
|
0-0: Called Strike 0-1: Ground out 4-3 (Groundball, 4, EV 89.4 MPH) Paul Schreiber scores Ed Vargas to third
|
|
Batting: LHB Koson Hirai
|
0-0: Ball 1-0: DOUBLE (Line Drive, 89D, EV 107.5 MPH) Ed Vargas scores
|
|
Batting: RHB Franklin Villanueva
|
0-0: Ball 1-0: Called Strike 1-1: Ball 2-1: Foul Ball, location: 2F 2-2: Strikes out looking
|
| Bottom of the 5th over - 2 runs, 3 hits, 0 errors, 1 left on base; Springfield 2 - Mobile 2 |
| TOP OF THE 6TH |
|
Springfield Cardinals batting - Pitching for Mobile BayBears : LHP David Legg
|
|
Batting: RHB Tyler Walker
|
0-0: Ground out 6-3 (Groundball, 6, EV 90.6 MPH)
|
|
Batting: RHB Joe Alley
|
0-0: Foul Ball, location: 2F 0-1: Foul Ball, location: 2F 0-2: Ball 1-2: Strikes out swinging
|
|
Batting: RHB Tommy Boudreaux
|
0-0: Foul Ball, location: 2F 0-1: Ball 1-1: Swinging Strike 1-2: DOUBLE (Line Drive, 5D, EV 96.9 MPH)
|
|
Batting: RHB Immel Kamuzu
|
0-0: Called Strike 0-1: Foul Ball, location: 2F 0-2: Ground out 4-3 (Groundball, 4S, EV 89.4 MPH)
|
| Top of the 6th over - 0 runs, 1 hit, 0 errors, 1 left on base; Springfield 2 - Mobile 2 |
| BOTTOM OF THE 6TH |
|
Mobile BayBears batting - Pitching for Springfield Cardinals : RHP Danny Cook
|
|
Batting: LHB Soo-yeon Kym
|
0-0: Ball 1-0: Ball 2-0: Fly out, F8 (Flyball, 8LXD, EV 105.0 MPH)
|
|
Batting: RHB Josh Burrows
|
0-0: SINGLE (Groundball, 56D, EV 98.1 MPH)
|
|
Batting: RHB Chris Bittner
|
0-0: SINGLE (Groundball, 6D, EV 101.2 MPH) Josh Burrows to second
|
|
Batting: RHB Paul Schreiber
|
0-0: Ball 1-0: Ball 2-0: Called Strike 2-1: Grounds into double play, 4-6-3 (Groundball, 4, EV 85.6 MPH)
|
| Bottom of the 6th over - 0 runs, 2 hits, 0 errors, 1 left on base; Springfield 2 - Mobile 2 |
| TOP OF THE 7TH |
|
Springfield Cardinals batting - Pitching for Mobile BayBears : LHP David Legg
|
|
Batting: RHB Jose Jimenez
|
0-0: Ball 1-0: Called Strike 1-1: Ball 2-1: Swinging Strike 2-2: Strikes out swinging
|
|
Pitching: LHP Heath Henderson
|
|
|
Pinch Hitting: RHB Davey Beeson
|
0-0: SINGLE (Flyball, 8RS, EV 95.0 MPH)
|
|
Batting: RHB Kalidas Mishra
|
0-0: Ball 1-0: Ball 2-0: Fly out, F9 (Line Drive, 9D, EV 92.5 MPH)
|
|
Batting: RHB Josh Broome
|
0-0: Swinging Strike 0-1: Ball 1-1: Ball 2-1: Called Strike 2-2: Ball 3-2: Ground out 6-3 (Groundball, 6S, EV 68.1 MPH)
|
| Top of the 7th over - 0 runs, 1 hit, 0 errors, 1 left on base; Springfield 2 - Mobile 2 |
| BOTTOM OF THE 7TH |
|
Mobile BayBears batting - Pitching for Springfield Cardinals : RHP Danny Cook
|
|
Now in LF: Austin Akers
|
|
|
Batting: SHB Ed Vargas
|
0-0: Ball 1-0: Ball 2-0: Called Strike 2-1: Swinging Strike 2-2: Foul Ball, location: 2F 2-2: Ball 3-2: Base on Balls
|
|
Batting: RHB Jeremy Adams
|
0-0: Bunt - Flyout to 13S! F1
|
|
Batting: RHB Curt Barrett
|
0-0: Grounds into double play, 5-4-3 (Groundball, 5, EV 101.9 MPH)
|
| Bottom of the 7th over - 0 runs, 0 hits, 0 errors, 0 left on base; Springfield 2 - Mobile 2 |
| TOP OF THE 8TH |
|
Springfield Cardinals batting - Pitching for Mobile BayBears : LHP Heath Henderson
|
|
Batting: RHB Jose Rivera
|
0-0: Swinging Strike 0-1: Foul Ball, location: 2F 0-2: Strikes out swinging
|
|
Batting: RHB Tyler Walker
|
0-0: Called Strike 0-1: Called Strike 0-2: Ball 1-2: Ground out 6-3 (Groundball, 6M, EV 84.4 MPH)
|
|
Batting: RHB Joe Alley
|
0-0: Called Strike 0-1: Ball 1-1: Foul Ball, location: 2F 1-2: Foul Ball, location: 2F 1-2: Strikes out swinging
|
| Top of the 8th over - 0 runs, 0 hits, 0 errors, 0 left on base; Springfield 2 - Mobile 2 |
| BOTTOM OF THE 8TH |
|
Mobile BayBears batting - Pitching for Springfield Cardinals : RHP Danny Cook
|
|
Batting: LHB Koson Hirai
|
0-0: Ball 1-0: Ball 2-0: Fly out, F6 (Popup, 6D, EV 55.6 MPH)
|
|
Batting: RHB Franklin Villanueva
|
0-0: Called Strike 0-1: Swinging Strike 0-2: Strikes out swinging
|
|
Batting: LHB Soo-yeon Kym
|
0-0: Fly out, F8 (Flyball, 8LXD, EV 103.8 MPH)
|
| Bottom of the 8th over - 0 runs, 0 hits, 0 errors, 0 left on base; Springfield 2 - Mobile 2 |
| TOP OF THE 9TH |
|
Springfield Cardinals batting - Pitching for Mobile BayBears : LHP Heath Henderson
|
|
Pitching: RHP Edwin Martinez
|
|
|
Batting: RHB Tommy Boudreaux
|
0-0: Fly out, F8 (Flyball, 8RM, EV 90.0 MPH)
|
|
Batting: RHB Immel Kamuzu
|
0-0: Ground out 4-3 (Groundball, 4, EV 86.9 MPH)
|
|
Batting: RHB Jose Jimenez
|
0-0: Foul Ball, location: 2F 0-1: Foul Ball, location: 2F 0-2: Ball 1-2: Ball 2-2: SINGLE (Line Drive, 8LS, EV 102.5 MPH)
|
|
Batting: RHB Austin Akers
|
0-0: Called Strike 0-1: Hit by Pitch Jose Jimenez to second
|
|
Batting: RHB Kalidas Mishra
|
0-0: Ball 1-0: Fielders Choice at 2nd, 6-4 (Groundball, 6MD, EV 85.0 MPH)
|
| Top of the 9th over - 0 runs, 1 hit, 0 errors, 2 left on base; Springfield 2 - Mobile 2 |
| BOTTOM OF THE 9TH |
|
Mobile BayBears batting - Pitching for Springfield Cardinals : RHP Danny Cook
|
|
Pitching: RHP Chris Moore
|
|
|
Batting: RHB Josh Burrows
|
0-0: Foul Ball, location: 2F 0-1: Ball 1-1: SINGLE (Flyball, 5D, EV 93.8 MPH)
|
|
Batting: RHB Chris Bittner
|
0-0: Swinging Strike 0-1: Ball 1-1: SINGLE (Groundball, 6MD, EV 98.8 MPH) Josh Burrows to second
|
|
Batting: RHB Paul Schreiber
|
0-0: Ball 1-0: Ball Wild Pitch! Josh Burrows to third Chris Bittner to second 2-0: Foul Ball, location: 2F 2-1: Fly out, F9 (Flyball, 9, EV 85.6 MPH) Runner from 3rd tags up, OUT at HOME! 9-2 Chris Bittner to third
|
|
Batting: SHB Ed Vargas
|
0-0: Ball 1-0: Foul Ball, location: 2F 1-1: Foul Ball, location: 2F 1-2: Ball 2-2: Strikes out swinging
|
| Bottom of the 9th over - 0 runs, 2 hits, 0 errors, 1 left on base; Springfield 2 - Mobile 2 |
| TOP OF THE 10TH |
|
Springfield Cardinals batting - Pitching for Mobile BayBears : RHP Edwin Martinez
|
|
Batting: RHB Josh Broome
|
0-0: Ball 1-0: Ball 2-0: Foul Ball, location: 2F 2-1: Called Strike 2-2: Ground out 4-3 (Groundball, 34, EV 100.0 MPH)
|
|
Batting: RHB Jose Rivera
|
0-0: Called Strike 0-1: Ball 1-1: SINGLE (Line Drive, 4M, EV 96.9 MPH)
|
|
Batting: RHB Tyler Walker
|
0-0: Ball Jose Rivera steals 2nd base 1-0: Ball 2-0: Called Strike 2-1: Called Strike 2-2: Ball 3-2: Base on Balls
|
|
Batting: RHB Joe Alley
|
0-0: Called Strike 0-1: Ball 1-1: Called Strike 1-2: Foul Ball, location: 2F 1-2: Ball 2-2: Ball 3-2: Base on Balls Jose Rivera to third Tyler Walker to second
|
|
Batting: RHB Tommy Boudreaux
|
0-0: Called Strike 0-1: Ball 1-1: Ball 2-1: Fly out, F8 (Flyball, 8LD, EV 107.5 MPH) Runner from 3rd tags up, SCORES, throw by CF Tyler Walker to third
|
|
Batting: RHB Immel Kamuzu
|
0-0: Ball 1-0: Ball 2-0: Foul Ball, location: 2F 2-1: Foul Ball, location: 2F 2-2: Fly out, F5 (Popup, 15, EV 81.9 MPH)
|
| Top of the 10th over - 1 run, 1 hit, 0 errors, 2 left on base; Springfield 3 - Mobile 2 |
| BOTTOM OF THE 10TH |
|
Mobile BayBears batting - Pitching for Springfield Cardinals : RHP Chris Moore
|
|
Pinch Hitting: LHB T.J. Duvall
|
0-0: Ball 1-0: Ball 2-0: Ball 3-0: Base on Balls
|
|
Batting: RHB Curt Barrett
|
0-0: Called Strike 0-1: Ball 1-1: Foul Ball, location: 2F 1-2: Strikes out swinging
|
|
Batting: LHB Koson Hirai
|
0-0: Ball 1-0: Fly out, F9 (Line Drive, 89M, EV 106.2 MPH)
|
|
Batting: RHB Franklin Villanueva
|
0-0: Called Strike 0-1: Ball 1-1: Foul Ball, location: 2F 1-2: Foul Ball, location: 2F 1-2: Fielders Choice at 2nd, 6-4 (Groundball, 6, EV 83.8 MPH)
|
| Bottom of the 10th over - 0 runs, 0 hits, 0 errors, 1 left on base; Springfield 3 - Mobile 2 |
|